 Dungeon Crawl Stone Soup version 0.25.1-2-g60ff931df9 (webtiles) character file.

Game seed: 1773965526933023001

95856 lorenzova the Eclecticist (level 15, -4/72 HPs)
             Began as a Deep Elf Conjurer on Oct 8, 2020.
             Was a High Priest of Vehumet.
             Slain by a jiangshi (9 damage)
             ... summoned by a vampire mage
             ... on level 15 of the Dungeon on Oct 9, 2020.
             The game lasted 01:27:38 (34181 turns).

lorenzova the Eclecticist (Deep Elf Conjurer)      Turns: 34181, Time: 01:27:39

Health: -4/72      AC:  9    Str:  9    XL:     15   Next: 67%
Magic:  13/58      EV: 28    Int: 23    God:    Vehumet [*****.]
Gold:   3194       SH:  0    Dex: 15    Spells: 19/53 levels left

rFire    + . .     SeeInvis +   N - +11 glaive "Maengum" {venom, rC+ Str+4 Int-4 SInv}
rCold    + + .     Gourm    .   (shield currently unavailable)
rNeg     . . .     Faith    .   x - +1 robe {rC+ rF+}
rPois    .         Spirit   .   j - +2 hat
rElec    .         Reflect  .   (no cloak)
rCorr    .         Harm     .   n - +0 pair of gloves
MR       +....                  R - +2 pair of boots
Stlth    ++........             L - amulet of the acrobat
HPRegen  0.22/turn              y - ring of magical power
MPRegen  0.36/turn              H - ring of magical power

@: acrobat
A: no striking features
a: Renounce Religion


You were on level 15 of the Dungeon.
You worshipped Vehumet.
Vehumet was extremely pleased with you.
You were not hungry.

You visited 4 branches of the dungeon, and saw 23 of its levels.
You also visited: Sewer, Bailey and Ice Cave.

You collected 3194 gold pieces.

Inventory:

Hand Weapons
 N - the +11 glaive "Maengum" (weapon) {venom, rC+ Str+4 Int-4 SInv}
   (You found it on level 5 of the Lair of Beasts)

   It poisons the flesh of those it strikes.
   It affects your strength (+4).
   It affects your intelligence (-4).
   It protects you from cold.
   It lets you see invisible.
Armour
 j - a +2 hat (worn)
 n - a +0 pair of gloves (worn)
 x - a +1 robe of resistance (worn)
 E - a +0 buckler
 R - a +2 pair of boots (worn)
Magical Staves
 J - an uncursed staff of poison
Jewellery
 o - an uncursed ring of ice
 y - a ring of magical power (left hand)
 C - a +6 ring of intelligence
 H - a ring of magical power (right hand)
 L - an amulet of the acrobat (around neck)
 M - the ring of Veti {Wiz rC+ Dex+6}
   (You acquired it on level 6 of the Lair of Beasts)

   [ring of wizardry]

   It improves your spell success rate.
   It affects your dexterity (+6).
   It protects you from cold.
 T - an uncursed ring of protection from cold
Wands
 e - a wand of iceblast (1)
 z - a wand of clouds (10)
 O - a wand of disintegration (14)
Scrolls
 a - a scroll of holy word
 d - a scroll of fog
 f - 12 scrolls of teleportation
 g - 11 scrolls of remove curse
 r - a scroll of enchant weapon
 t - 3 scrolls of fear
 u - a scroll of magic mapping
 v - 4 scrolls of blinking
 w - 6 scrolls of amnesia
 A - 7 scrolls of enchant armour
 I - a scroll of summoning
 P - 4 scrolls of identify
Potions
 b - 8 potions of heal wounds
 h - 8 potions of curing
 i - 5 potions of berserk rage
 k - 4 potions of magic
 l - 2 potions of invisibility
 m - 2 potions of experience
 p - 8 potions of flight
 q - 4 potions of brilliance
 s - 3 potions of resistance
 B - 3 potions of stabbing
 D - 3 potions of lignification
 F - 6 potions of mutation
 G - 2 potions of might
 K - 4 potions of ambrosia
Comestibles
 c - 31 rations


   Skills:
 - Level 2.4 Dodging
 - Level 2.4 Stealth
 * Level 19.9 Spellcasting
 * Level 17.6 Conjurations
 - Level 9.0 Hexes
 - Level 6.0 Translocations
 * Level 13.6 Fire Magic
 + Level 5.6 Earth Magic


You had 19 spell levels left.
You knew the following spells:

 Your Spells              Type           Power        Failure   Level  Hunger
a - Magic Dart            Conj           ####         0%          1    None
b - Searing Ray           Conj           ######       0%          2    None
c - Iskenderun's Mystic   Conj/Tloc      ######..     1%          4    None
d - Fulminant Prism       Conj/Hex       ######....   1%          4    None
e - Starburst             Conj/Fire      #######...   1%          6    ###....
f - Fireball              Conj/Fire      #######...   1%          5    None
g - Bolt of Magma         Conj/Fire/Erth ######....   1%          5    None
s - Sticky Flame          Conj/Fire      #######.     1%          4    None
x - Conjure Flame         Conj/Fire      #######.     0%          3    None

Your spell library contained the following spells:

 Spells                   Type           Power        Failure   Level  Hunger
 Lee's Rapid Deconstruct  Erth           #####.....   1%          5    None
 Foxfire                  Conj/Fire      ####         0%          1    None
 Animate Skeleton         Necr           N/A          1%          1    None
 Apportation              Tloc           ######       1%          1    None
 Beastly Appendage        Tmut           ###...       1%          1    None
 Corona                   Hex            ######.      1%          1    None
 Infusion                 Chrm           ###.         1%          1    None
 Pain                     Necr           ###.         1%          1    None
 Summon Butterflies       Summ           ###.....     1%          1    None
 Ensorcelled Hibernation  Hex/Ice        #####.       1%          2    None
 Shroud of Golubria       Chrm/Tloc      #####.       1%          2    None
 Slow                     Hex            ######..     1%          2    None
 Confusing Touch          Hex            ######..     1%          3    None
 Dazzling Flash           Conj/Hex       ######       1%          3    None
 Inner Flame              Hex/Fire       ######..     1%          3    None
 Lesser Beckoning         Tloc           ######....   1%          3    None
 Mephitic Cloud           Conj/Pois/Air  #####...     1%          3    None
 Portal Projectile        Hex/Tloc       ######       1%          3    None
 Spectral Weapon          Hex/Chrm       #####...     1%          3    None
 Tukima's Dance           Hex            ######..     1%          3    None
 Cause Fear               Hex            ######....   1%          4    None
 Leda's Liquefaction      Hex/Erth       ######....   1%          4    None
 Poisonous Vapours        Pois/Air       ###...       3%          2    None
 Song of Slaying          Chrm           ###.....     3%          2    None
 Sticks to Snakes         Tmut           ###.....     3%          2    None
 Ozocubu's Armour         Chrm/Ice       ###.....     6%          3    None
 Spider Form              Tmut/Pois      ###.......   6%          3    None
 Vampiric Draining        Necr           ###.......   6%          3    None
 Darkness                 Hex            ######....   8%          6    ###....
 Freezing Cloud           Conj/Ice/Air   #####.....   8%          6    ###....
 Invisibility             Hex            ######..     8%          6    ###....
 Metabolic Englaciation   Hex/Ice        #####.....   9%          5    None
 Silence                  Hex/Air        #####.....   9%          5    None
 Borgnjor's Vile Clutch   Necr/Erth      #####.....   19%         5    None
 Animate Dead             Necr           N/A          21%         4    None
 Ice Form                 Ice/Tmut       ###.....     21%         4    None
 Agony                    Necr           ###.....     50%         5    None
 Alistair's Intoxication  Tmut/Pois      ###.....     50%         5    None
 Blade Hands              Tmut           ###.......   50%         5    None
 Ozocubu's Refrigeration  Ice            ###.......   58%         6    ###....
 Ring of Flames           Chrm/Fire      ######....   71%         7    #####..
 Shadow Creatures         Summ           N/A          97%         6    ###....
 Simulacrum               Ice/Necr       ###.......   97%         6    ###....


Dungeon Overview and Level Annotations

Branches:
Dungeon (15/15)            Temple (1/1) D:5            Lair (6/6) D:8
 Shoals (0/4) Lair:4       Spider (0/4) Lair:3        Slime (0/5) Lair:6
    Orc (1/2) D:10         Vaults (0/5) D:13         Depths (0/5) D:15
  Sewer (visited)          Bailey (visited)           IceCv (visited)

Altars:
Ashenzari
Cheibriados
Dithmenos
Elyvilon
Fedhas
Gozag
Hepliaklqana
Kikubaaqudgha
Makhleb
Nemelex Xobeh
Okawaru
Qazlal
Ru
Sif Muna
Trog
Uskayaw
Vehumet
Wu Jian
Xom
Yredelemnul
Zin
The Shining One

Shops:
D:4 (   D:11 %   D:13 %

Annotations:
D:4 3 runed translucent doors, sixsigma's ghost, novice GnWz
D:5 1 runed translucent door, MisterFreud's ghost, novice DsIE
D:10 exclusion: downstairs


Message History

Aim: a vampire mage, wearing a +0 robe (moderately damaged, slightly transparent)
The fireball explodes!
The fireball engulfs the vampire mage.
The vampire mage is moderately damaged.
Unknown command.
The vampire mage casts a spell.
The centaur warrior skeleton is engulfed in blazing flames.
The redback simulacrum is engulfed in blazing flames.
The redback simulacrum is engulfed in blazing flames.
The redback simulacrum vapourises!
The vampire mage gestures wildly while chanting.
The centaur warrior skeleton completely misses you.
The centaur warrior skeleton completely misses you.
Something hits the plant!
Something freezes the plant!!
The plant is destroyed!
The jiangshi claws you!!
* * * LOW HITPOINT WARNING * * *
The jiangshi draws strength from your injuries!
The jiangshi completely misses you. The jiangshi completely misses you.
The jiangshi claws you!
You die...

#.##.###...##..# *,,,........
#.##.# #..)##(.# *,,*,.......
#.##.###...##..# *,,***#*...#
#..........##..# *,,* *#)..
#..........##..# #..# #...
#..........##..# #..# #V.#
#..............# #..# #V.#
#..............# #..# #..#
#..........#@..# #..# #ZV#
#..........#.V.# #..# #.M#
#..........#...###..# #..#
#..........#..Z.....# #..#
#..........#........######..#
#..........#...####......Z..#
#..........#...# #.........#
#(.........#...# ##..P......#
#..........#...# #..P...)P..#


You could see a jiangshi (summoned) and a centaur warrior skeleton (summoned).

Vanquished Creatures
  Gastronok (Lair:2)
  A frost giant (IceCv)
  2 dire elephants (Lair:6)
  A fire dragon (Lair:6)
  Snorg (Lair:6)
  Josephine (D:14)
  An ice dragon (D:9)
  10 hydras
  Fannar (Lair:1)
  5 vault guards (D:13)
  2 ogre magi
  3 tengu warriors
  2 catoblepae (Lair:6)
  2 centaur warriors
  7 two-headed ogres
  Urug (Lair:2)
  3 death yaks (Lair:6)
  A deep elf knight (D:13)
  3 unseen horrors
  A swamp dragon (Lair:6)
  A wizard (D:15)
  2 deep elf magi
  A harpy (shapeshifter) (D:9)
  A necromancer (D:15)
  2 lindwurms (Lair:6)
  7 ugly things
  An orc knight (D:15)
  3 cyclopes
  4 oklob plants (Lair:5)
  9 elephants (Lair:6)
  3 manticores
  A fire giant skeleton (D:15)
  An ice statue (IceCv)
  4 black mambas
  9 spiny frogs
  A stone giant skeleton (D:15)
  Maggie (Lair:2)
  Joseph (D:7)
  3 kobold demonologists
  4 rime drakes
  2 ice devils (Lair:6)
  2 freezing wraiths
  5 komodo dragons
  A yaktaur (D:13)
  A guardian mummy (D:15)
  3 meliai (D:14)
  2 tengu conjurers
  4 trolls
  15 polar bears (IceCv)
  2 hornets
  4 slime creatures
  8 blink frogs
  7 dream sheep (Lair:6)
  14 hippogriffs
  3 shadows
  5 wraiths
  A vampire (D:15)
  56 yaks
  5 wyverns
  7 basilisks
  4 steam dragons (Lair:6)
  8 vampire mosquitoes
  2 hungry ghosts (D:10)
  2 two-headed ogre zombies (D:10)
  6 porcupines
  4 acid dragons
  7 water moccasins
  A soldier ant (D:13)
  8 orc warriors
  5 black bears
  2 ice beasts
  A phantom (D:10)
  3 sky beasts
  A tengu (shapeshifter) (D:15)
  A necrophage (D:6)
  37 wolves
  4 ogres
  12 centaurs
  10 crocodiles
  3 big kobolds
  A gnoll sergeant (D:9)
  15 bullfrogs
  2 troll zombies (D:10)
  5 scorpions
  7 howler monkeys
  2 vampire bats (Lair:4)
  9 wights (D:8)
  6 crimson imps
  2 quasits
  4 centaur zombies
  6 hounds
  13 orc wizards
  8 orc priests
  8 jellies
  6 bullfrog skeletons
  6 iguanas
  4 centaur skeletons
  Natasha (thrice) (D:2)
  7 worker ants
  2 killer bee zombies
  4 ogre zombies (D:10)
  Robin (D:3)
  26 gnolls
  12 adders
  5 shadow imps
  15 oozes
  An adder skeleton (D:4)
  An adder zombie (D:7)
  14 leopard geckos
  58 orcs
  22 giant cockroaches
  14 goblins
  21 hobgoblins
  6 jackals
  34 kobolds
  5 quokkas
  15 ball pythons
  13 bats
  17 frilled lizards
  2 goblin skeletons (D:10)
  A goblin zombie (D:10)
  3 hobgoblin zombies (D:10)
  A jackal zombie (D:9)
  7 orc skeletons (D:10)
  12 orc zombies (D:10)
  2 quokka zombies
  7 rats
  A bush (Lair:5)
  3 fungi
  13 plants
828 creatures vanquished.

Vanquished Creatures (others)
  A wraith (D:15)
  3 yaks (IceCv)
  3 wolves (IceCv)
  2 centaurs (D:15)
  146 fulminant prisms
  14 fungi
  7 plants
176 creatures vanquished.

Grand Total: 1004 creatures vanquished

Notes
Turn   | Place    | Note
-------+----------+-------------------------------------------
     0 | D:1      | lorenzova the Deep Elf Conjurer began the quest for the
                  | Orb.
     0 | D:1      | Reached XP level 1. HP: 10/10 MP: 6/6
   238 | D:1      | Reached XP level 2. HP: 15/15 MP: 4/8
   304 | D:1      | Learned a level 2 spell: Searing Ray
   812 | D:1      | Reached skill level 4 in Spellcasting
   868 | D:1      | Found a sparkling altar of Nemelex Xobeh.
   982 | D:1      | Reached skill level 5 in Conjurations
   982 | D:1      | Reached XP level 3. HP: 5/19 MP: 2/10
  1160 | D:2      | Noticed Natasha
  1166 | D:2      | Killed Natasha
  1166 | D:2      | Reached XP level 4. HP: 17/24 MP: 2/12
  1401 | D:2      | Reached skill level 5 in Spellcasting
  1598 | D:2      | You fall into a shaft and drop 1 floor!
  1828 | D:3      | Found a glowing drain.
  1905 | Sewer    | Entered a sewer
  2000 | Sewer    | Reached XP level 5. HP: 28/28 MP: 12/14
  2614 | Sewer    | Reached skill level 6 in Spellcasting
  2900 | Sewer    | Reached XP level 6. HP: 28/32 MP: 11/17
  3092 | D:3      | Reached skill level 7 in Spellcasting
  3508 | D:3      | Noticed Robin
  3514 | D:3      | Killed Robin
  4083 | D:2      | Noticed Natasha
  4324 | D:2      | Killed Natasha
  4533 | D:2      | Noticed Natasha
  4536 | D:2      | Killed Natasha
  4536 | D:2      | Reached XP level 7. HP: 29/36 MP: 16/20
  4718 | D:4      | Found a sacrificial altar of Ru.
  4986 | D:4      | Learned a level 4 spell: Iskenderun's Mystic Blast
  4991 | D:4      | Learned a level 4 spell: Fulminant Prism
  5046 | D:4      | Found Jiusao Yhih's Antique Weapon Boutique.
  5170 | D:4      | Found a runed translucent gate.
  5170 | D:4      | Found a runed translucent gate.
  5170 | D:4      | Found a runed translucent gate.
  5170 | D:4      | Noticed sixsigma's ghost (novice GnWz)
  5501 | D:5      | Entered Level 5 of the Dungeon
  5603 | D:5      | Reached skill level 1 in Hexes
  5609 | D:5      | Reached skill level 8 in Spellcasting
  5609 | D:5      | Reached skill level 1 in Translocations
  5916 | D:5      | Found a staircase to the Ecumenical Temple.
  5938 | Temple   | Entered the Ecumenical Temple
  6090 | Temple   | Became a worshipper of Vehumet
  6640 | D:5      | Found a runed translucent door.
  6655 | D:5      | Noticed MisterFreud's ghost (novice DsIE)
  6706 | D:5      | Found a bloodstained altar of Trog.
  6708 | D:5      | Found a basalt altar of Yredelemnul.
  6716 | D:5      | Found a white marble altar of Elyvilon.
  6718 | D:5      | Found a stormy altar of Qazlal.
  6718 | D:5      | Found a shattered altar of Ashenzari.
  6718 | D:5      | Found a shadowy altar of Dithmenos.
  6719 | D:5      | Found an ancient bone altar of Kikubaaqudgha.
  6720 | D:5      | Found a burning altar of Makhleb.
  6721 | D:5      | Found a glowing golden altar of the Shining One.
  7165 | D:6      | Reached XP level 8. HP: 41/41 MP: 16/22
  7337 | D:6      | Reached skill level 9 in Spellcasting
  7550 | D:6      | Reached * piety under Vehumet
  7550 | D:6      | Offered knowledge of Sandblast by Vehumet.
  8459 | D:7      | Noticed a hippogriff
  8464 | D:7      | Killed a hippogriff
  8464 | D:7      | Reached skill level 10 in Spellcasting
  8480 | D:7      | Reached XP level 9. HP: 45/45 MP: 25/25
  9216 | D:7      | Noticed Joseph
  9224 | D:7      | Killed Joseph
  9224 | D:7      | Reached skill level 5 in Hexes
  9444 | D:8      | Offered knowledge of Shock by Vehumet.
  9449 | D:8      | Reached ** piety under Vehumet
  9530 | D:8      | Reached skill level 10 in Conjurations
  9619 | D:8      | Reached skill level 11 in Spellcasting
  9623 | D:8      | Found a flagged portal.
  9632 | Bailey   | Entered a bailey
  9739 | Bailey   | Offered knowledge of Ignite Poison by Vehumet.
  9932 | Bailey   | Reached *** piety under Vehumet
 10226 | D:8      | Found a staircase to the Lair.
 10543 | D:8      | Offered knowledge of Static Discharge by Vehumet.
 10701 | D:8      | Reached skill level 5 in Translocations
 11012 | D:8      | Found an opulent altar of Gozag.
 11076 | D:9      | Reached XP level 10. HP: 50/50 MP: 15/27
 11484 | D:9      | Reached **** piety under Vehumet
 11490 | D:9      | Offered knowledge of Iskenderun's Battlesphere by Vehumet.
 11490 | D:9      | Reached skill level 12 in Spellcasting
 11805 | D:9      | Noticed a two-headed ogre
 11822 | D:9      | Killed a two-headed ogre
 12038 | D:9      | Noticed a five-headed hydra
 12044 | D:9      | Noticed an ice dragon
 12060 | D:9      | Noticed a harpy
 12060 | D:9      | a komodo dragon changed into a harpy
 12061 | D:9      | Killed a five-headed hydra
 12061 | D:9      | Reached skill level 13 in Spellcasting
 12065 | D:9      | Killed a harpy
 12275 | D:9      | Killed an ice dragon
 12275 | D:9      | Reached XP level 11. HP: 54/54 MP: 14/30
 12406 | D:9      | Found a stormy altar of Qazlal.
 12406 | D:9      | Found a shattered altar of Ashenzari.
 12541 | D:10     | Entered Level 10 of the Dungeon
 13462 | D:10     | Reached ***** piety under Vehumet
 13497 | D:10     | Offered knowledge of Starburst by Vehumet.
 13506 | D:10     | Learned a level 6 spell: Starburst
 13762 | D:9      | Learned a level 4 spell: Sticky Flame
 13768 | D:9      | Learned a level 5 spell: Fireball
 13772 | D:9      | Learned a level 3 spell: Conjure Flame
 13915 | D:10     | Reached skill level 1 in Fire Magic
 13953 | D:10     | Found a staircase to the Orcish Mines.
 14340 | D:10     | Reached skill level 14 in Spellcasting
 14790 | D:10     | Found a snail-covered altar of Cheibriados.
 15026 | Lair:1   | Entered Level 1 of the Lair of Beasts
 15204 | Lair:1   | Noticed a six-headed hydra
 15212 | Lair:1   | Noticed Fannar
 15215 | Lair:1   | Killed a six-headed hydra
 15217 | Lair:1   | Killed Fannar
 15874 | Lair:1   | Reached skill level 5 in Fire Magic
 16325 | Lair:2   | Noticed Gastronok
 16360 | Lair:2   | Reached XP level 12. HP: 59/59 MP: 32/32
 16417 | Lair:2   | Noticed Maggie
 16420 | Lair:2   | Killed Maggie
 16500 | Lair:2   | Reached skill level 15 in Spellcasting
 16564 | Lair:2   | Noticed Urug
 16577 | Lair:2   | Noticed a six-headed hydra
 17096 | Lair:2   | Killed Urug
 17224 | Lair:2   | Killed a six-headed hydra
 17510 | Lair:2   | Killed Gastronok
 18259 | Lair:3   | Found a hole to the Spider Nest.
 18487 | Lair:3   | Noticed a seven-headed hydra
 18490 | Lair:3   | Killed a seven-headed hydra
 18901 | Lair:4   | Reached skill level 16 in Spellcasting
 19243 | Lair:4   | Found a staircase to the Shoals.
 19321 | Lair:4   | Noticed a six-headed hydra
 19325 | Lair:4   | Killed a six-headed hydra
 20060 | Lair:5   | Reached XP level 13. HP: 63/63 MP: 26/35
 20134 | Lair:5   | Offered knowledge of Airstrike by Vehumet.
 20508 | Lair:5   | Got a fine glaive
 20524 | Lair:5   | Identified the +11 glaive "Maengum" {venom, rC+ Str+4 Int-4
                  | SInv} (You found it on level 5 of the Lair of Beasts)
 21462 | Lair:5   | Identified 2 scrolls of acquirement
 21462 | Lair:5   | Acquired 1310 gold pieces
 21496 | Lair:6   | Entered Level 6 of the Lair of Beasts
 21520 | Lair:6   | Found a frozen archway.
 21614 | IceCv    | Entered an ice cave
 21616 | IceCv    | Reached skill level 15 in Conjurations
 21814 | IceCv    | Reached skill level 17 in Spellcasting
 22116 | IceCv    | Reached skill level 10 in Fire Magic
 23038 | IceCv    | Noticed a frost giant
 23045 | IceCv    | Killed a frost giant
 23496 | Lair:6   | Offered knowledge of Bolt of Magma by Vehumet.
 24144 | Lair:6   | Reached XP level 14. HP: 68/68 MP: 37/37
 24442 | Lair:6   | Noticed Snorg
 24448 | Lair:6   | Killed Snorg
 24448 | Lair:6   | Reached skill level 18 in Spellcasting
 25525 | Lair:6   | Learned a level 5 spell: Bolt of Magma
 25975 | Lair:6   | Reached skill level 1 in Earth Magic
 26467 | Lair:6   | Found a staircase to the Slime Pits.
 26641 | Lair:6   | Acquired the ring of Veti {Wiz rC+ Dex+6}
 26840 | Orc:1    | Entered Level 1 of the Orcish Mines
 27469 | D:11     | You fall into a shaft and drop 2 floors!
 27469 | D:13     | Found Gycuxel's Food Emporium.
 29016 | D:11     | Found Maumeh's Food Shoppe.
 29073 | D:11     | Offered knowledge of Iron Shot by Vehumet.
 29429 | D:12     | Reached skill level 19 in Spellcasting
 30199 | D:13     | Reached XP level 15. HP: 72/72 MP: 34/40
 30716 | D:13     | Found a gate to the Vaults.
 31121 | D:14     | Noticed Josephine
 31124 | D:14     | Killed Josephine
 32508 | D:14     | Reached skill level 5 in Earth Magic
 32563 | D:14     | Offered knowledge of Lee's Rapid Deconstruction by Vehumet.
 32913 | D:15     | Entered Level 15 of the Dungeon
 34181 | D:15     | Slain by a jiangshi

Illustrated notes

Levels and vault maps discovered:
D:1:      erik_arrival_orb_chamber, layout_basic, serial_glass, glass_columns_c,
          glass_columns_a, glass_columns_a, glass_columns_b,
          nemelex_xobeh_ov_fountains_minmay
D:2:      minmay_chambers_of_ones, layout_basic, first_ration, minivault_4,
          uniq_natasha
D:3:      layout_rooms, gup_sewer_entry_pipe, minmay_misc_feat_square,
          uniq_robin
D:4:      layout_layer_cave, kennysheep_mini, gammafunk_ghost_split,
          serial_shops, shop_fountains
D:5:      layout_loops_corners, minitemple, minmay_temple_entry_slanted,
          ebering_ghost_reflecting_pool
D:6:      layout_basic, minivault_23, minmay_small_thing
D:7:      layout_basic, uniq_joseph
D:8:      layout_basic, lemuel_coloured_pillars_altar, lair_entry_dummy,
          enter_bailey_8
D:9:      layout_roguey, serial_corexii_hall, corexii_hall_statues_l,
          corexii_hall_statues_x, hangedman_little_slice_of_home,
          jmf_multi_god_temple
D:10:     layout_basic, zombieorc2_lemuel, grunt_decor_one_mirror,
          lemuel_statue_altar
D:11:     layout_loops_ring, serial_shops, shop, st_stairs_8,
          minmay_misc_feat_alley
D:12:     layout_roguey
D:13:     layout_cave_pools, grunt_vaults_entry_fortified, serial_shops, shop
D:14:     layout_layer_cave, nicolae_wwwww, kennysheep_potato, uniq_josephine
D:15:     gammafunk_depths_entry_grave, layout_long_grid,
          gauntlet_entry_generic, serial_bayou_pond_a, lemuel_flamethrower_2
Temple:   minmay_temple_curvy_loop
Lair:1:   layout_roguey, uniq_fannar
Lair:2:   layout_gridlike, chequers_serial_rivers_small_b, uniq_maggie,
          uniq_gastronok, uniq_urug
Lair:3:   layout_chaotic_city, dummy_spider_entry, lemuel_fruit_tree,
          grunt_megastairs_1
Lair:4:   layout_loops_ring, elwin_shoals_entry_rocks, roderic_batcave
Lair:5:   layout_cave_pods, minmay_lair_oklob_chamber, grunt_megastairs_4
Lair:6:   guppyfry_lair_end_dragon, layout_loops_ring, hangedman_lair_in_review,
          minmay_slime_entry_pillars, portal_ice_cave_demonic_guard, uniq_snorg
Orc:1:    layout_diamond_mine

Skill      XL: |  1  2  3  4  5  6  7  8  9 10 11 12 13 14 15 |
---------------+----------------------------------------------+-----
Spellcasting   | 4 5 6 7 8 10 11 13 14 16 17 19 | 19.9
Conjurations   | 5 6 7 8 9 10 12 13 14 15 16 17 | 17.6
Hexes          | 2 4 6 8 9 |  9.0
Translocations | 1 3 5 6 |  6.0
Fire Magic     | 5 8 11 12 13 | 13.6
Earth Magic    | 3 5 |  5.6
Dodging        | |  2.4
Stealth        | |  2.4

Action                   |  1- 3 |  4- 6 |  7- 9 | 10-12 | 13-15 || total
-------------------------+-------+-------+-------+-------+-------++-------
Melee: Unarmed           |       |     8 |       |       |       ||     8
       Staff             |       |       |       |    20 |     4 ||    24
       Glaive            |       |       |       |       |    32 ||    32
 Cast: Magic Dart        |    50 |   203 |   163 |   161 |    93 ||   670
       Searing Ray       |     1 |    13 |    62 |    67 |    38 ||   181
       Fulminant Prism   |       |       |    26 |    54 |    66 ||   146
       Iskenderun's Myst |       |       |     5 |    39 |    58 ||   102
       Conjure Flame     |       |       |       |    11 |    22 ||    33
       Fireball          |       |       |       |    52 |   218 ||   270
       Sticky Flame      |       |       |       |    11 |    44 ||    55
       Bolt of Magma     |       |       |       |       |   138 ||   138
  Use: Potion            |     1 |     1 |       |       |       ||     2
       Scroll            |       |    11 |     9 |     9 |     9 ||    38
  Eat: Chunk             |       |    11 |    19 |    24 |    33 ||    87
       Ration            |       |       |       |     1 |     3 ||     4
Armor: Robe              |     1 |     9 |     4 |     9 |    26 ||    49
Dodge: Dodged            |     2 |    27 |    35 |    47 |   103 ||   214
